 Dungeon Sprint DCSS version 0.19.1 (webtiles) character file.

270 danny2772 the Slicer (level 6, -4/57 HPs)
             Began as a Human Chaos Knight on Nov 27, 2016.
             Slain by a hellwing (7 damage)
             ... summoned by an obsidian statue
             ... in the Dungeon (Sprint II: "The Violet Keep of Menkaure").
             The game lasted 00:01:41 (457 turns).

danny2772 the Slicer (Human Chaos Knight)            Turns: 457, Time: 00:01:42

Health: -4/57      AC:  5    Str: 13    XL:     6   Next: 47%
Magic:  6/6        EV: 12    Int: 13    God:    Xom [....*.]
Gold:   243        SH:  0    Dex: 13    Spells: 0 memorised, 5 levels left

rFire  . . .     SeeInvis .     a - +0 short sword (chaos)
rCold  . . .     Gourm    .     b - +2 leather armour
rNeg   . . .     Faith    .     (no shield)
rPois  .         Spirit   .     (no helmet)
rElec  .         Reflect  .     (no cloak)
rCorr  .         Harm     .     (no gloves)
MR     .....     NoTele   +     (no boots)
Stlth  +.........               (no amulet)
                                (no ring)
                                (no ring)

@: lethally poisoned (-4 -> -52), mesmerised
A: no striking features
a: Renounce Religion


You were in the Dungeon.
You worshipped Xom.
You were a beloved toy of Xom.
You were not hungry.

You visited 1 branch You collected 243 gold pieces.

Inventory:

Hand Weapons
 a - a +0 short sword of chaos (weapon)
Missiles
 j - 21 arrows
Armour
 b - a +2 leather armour (worn)
Scrolls
 i - a scroll of blinking
Potions
 d - a potion of curing
 e - a potion of heal wounds
 f - a potion of haste
 g - 2 potions of magic
 h - a potion of berserk rage
Comestibles
 c - a bread ration


   Skills:
 + Level 8.6 Fighting
 + Level 9.0 Short Blades
 + Level 4.6 Armour
 + Level 1.8 Dodging
 + Level 0.2 Stealth


You had 5 spell levels left.
You didn't know any spells.

Dungeon Overview and Level Annotations

Branches:
Dungeon (1/1)

Altars:

Shops:
D (=%=?(!:?*[[:}!

Annotations:
D exclusion: obsidian statue


Message History

Why would you want to do that? Why would you want to do that?
Why would you want to do that?
You cannot move away from the obsidian statue!
You feel very sick.
There is an open gate here.
You cannot move away from the obsidian statue!
You cannot move away from the obsidian statue!
You cannot move away from the obsidian statue!
You cannot move away from the obsidian statue!
You closely miss the hellwing.
You are engulfed in poison gas.
You are more poisoned.
* * * LOW HITPOINT WARNING * * *
You feel very sick.
The obsidian statue's eyes glow briefly.
The hellwing hits you!
* * * LOW HITPOINT WARNING * * *
The hellwing hits you!
You die...
Xom guffaws!

.∩.∩..+≈'##.'.<.+
..∩.∩.#≈#..###.##
▓▓▓▓###≈##.#*#+#
E######≈≈### . ,,
##≈≈≈#, , #'#≈##,
≈§ , ≈
#.#§≈##+##≈≈≈§
**≈≈≈####§§§≈≈≈≈≈§§
≈ ≈ * #@§'#+++#§§
≈≈ #4§§§§§≈#
≈≈≈≈*#≈§≈§§§§§≈# +≈
≈≈ +≈≈§§§8§§§§§+ ≈
≈ ##≈§≈§§§§§≈##
##≈≈≈≈≈§§##
####+####


You could see an obsidian statue and a hellwing.

Vanquished Creatures
  Menkaure (D)
  A scorpion (D)
  4 worker ants (D)
6 creatures vanquished.

Notes
Turn   | Place    | Note
-------+----------+-------------------------------------------
     0 | D        | danny2772 the Human Chaos Knight began the quest for the Orb.
     0 | D        | Reached XP level 1. HP: 18/18 MP: 1/1
     1 | D        | Noticed a worker ant
     1 | D        | Noticed a worker ant
     6 | D        | Killed a worker ant
     6 | D        | Reached skill level 5 in Fighting
     6 | D        | Reached skill level 4 in Short Blades
     6 | D        | Reached XP level 2. HP: 23/27 MP: 2/2
     6 | D        | Reached XP level 3. HP: 28/33 MP: 3/3
     8 | D        | XOM: potion effect (might)
    13 | D        | Reached skill level 5 in Short Blades
    21 | D        | Reached XP level 4. HP: 27/40 MP: 4/4
    23 | D        | Reached skill level 6 in Short Blades
    34 | D        | Found Ytygh's Gadget Emporium.
    35 | D        | Found Riotos's Magic Scroll Shoppe.
    35 | D        | Found Gehoh's Book Emporium.
    35 | D        | Found Jigok's Jewellery Shoppe.
    35 | D        | Found Huuceoch's Distillery.
    35 | D        | Found Levonoju's Antique Armour Shoppe.
    35 | D        | Found Ysumooff's Food Emporium.
    35 | D        | Found Mommagha's Book Shoppe.
    35 | D        | Found Xeag's Weapon Emporium.
    35 | D        | Found Fuotasy's Distillery.
    35 | D        | Found Joycieh's Assorted Antiques.
    36 | D        | Found Bamakhlek's Jewellery Shoppe.
    36 | D        | Found Awiggo Xure's Antique Weapon Emporium.
    37 | D        | Found Dyfey's Antique Armour Shoppe.
    37 | D        | Found Weineiga's Magic Scroll Emporium.
    37 | D        | Noticed Menkaure
    37 | D        | Noticed an iron elemental
    42 | D        | Killed Menkaure
    42 | D        | Reached skill level 8 in Short Blades
    42 | D        | Reached XP level 5. HP: 37/49 MP: 5/5
    42 | D        | Reached XP level 6. HP: 42/56 MP: 6/6
   216 | D        | Reached skill level 9 in Short Blades
   359 | D        | XOM: divination: magic mapping
   444 | D        | Noticed an obsidian statue
   455 | D        | Noticed a hellwing
   455 | D        | XOM: enchant monster (good)
   457 | D        | Slain by a hellwing

Skill      XL: |  1  2  3  4  5  6 |
---------------+-------------------+-----
Fighting       | 5 6 8 |  8.6
Short Blades   | 4 5 8 9 |  9.0
Armour         | 3 4 |  4.6
Dodging        | |  1.8
Stealth        | |  0.2

Action                   |  1- 3 |  4- 6 || total
-------------------------+-------+-------++-------
Melee: Short sword       |    14 |    15 ||    29
 Stab: Petrified         |     1 |       ||     1
Armor: Leather armour    |     1 |     1 ||     2
Dodge: Dodged            |     9 |     1 ||    10
